AoeStats
← Green Assassin

Coastal Forest

503495093Analyzed
4v4 RM · 1mo ago on Aug 31, 2026· 13m 42s· 8 players
Game mode
Random Map
Map size
Large (8 player)
Population
200
Speed
Normal
Resources
Standard
Victory
Conquest
Starting age
Dark Age
Ending age
Imperial Age
RankedLock teamsTeams togetherTeam positionsShared explorationLock speedFull tech treeHidden civsTurbo modeCheats
Victory
Defeat
🇦🇷 Wu · Argentina
1211
+16
🇧🇷 Armenians · Brazil
1127
+20
🇸🇪 Franks · Sweden
1113
+20
🇨🇱 Italians · Chile
1113
+20
🇩🇪 Romans · Germany
1229
-20
1226
-20
🇹🇷 Koreans · Türkiye
1195
-18
🇩🇪 Celts · Germany
1173
-17
King Luis VI
9:55 Feudal Age
Ancient
7:30 Loom
11:20 Feudal Age
Green Assassin
0:31 Loom
11:44 Feudal Age
El Monje Cleptómano de Cieza
6:49 Loom
12:20 Feudal Age
Camilo M87
11:07 Feudal Age
11:07 Loom
11:42 Double-Bit Axe
KingGustavRed
10:14 Loom
12:32 Feudal Age
13:46 Double-Bit Axe
Bk.Casa
6:54 Loom
9:24 Feudal Age
Absurdo!
10:59 Feudal Age
11:59 Double-Bit Axe
12:37 Man-at-Arms
Connection lost

Rejoining the realm…

Still unreachable

The connection could not be restored.

Session expired

The server has moved on; the page needs a fresh start.